 Dungeon Sprint DCSS version 0.31-a0-1-g4198be8af4 (webtiles) character file.

Game seed: 13701706293325221281

2354 fozzywoppz the Grappler (level 9, 0/92 HPs)
             Began as a Troll Fighter on May 2, 2023.
             Was a High Priest of Qazlal.
             Blown up by an eye of devastation (29 damage)
             ... with a bolt of energy
             ... in the Dungeon (Sprint V: "Ziggurat Sprint").
             The game lasted 00:03:48 (235 turns).

fozzywoppz the Grappler (Troll Fighter)              Turns: 235, Time: 00:03:48

Health: 0/92       AC: 21    Str: 36    XL:     9   Next: 20%
Magic:  0/13       EV:  6    Int:  4    God:    Qazlal [*****.]
Gold:   0          SH: 18    Dex: 15    Spells: 8/8 levels left

rFire   . .          .
                       - Unarmed
rCold   + . .        b - +0 kite shield
rNeg    . . .        w - +5 gold dragon scales
rPois   +            (helmet restricted)
rElec   .            (no cloak)
rCorr   .            (gloves unavailable)
SInv    .            (boots unavailable)
Will    .....        y - amulet of guardian spirit Stlth
                     v - +6 ring of dexterity
HPRegen 1.15/turn    z - +6 ring of strength
MPRegen 0.13/turn

%: no teleportation, random rage (3%), repel missiles, guardian spirit
@: studying Maces & Flails
A: large, unfitting armour, claws 3, regeneration 1, shaggy fur 1, tough skin 1,
berserk 1, heat vulnerability 1
a: Renounce Religion, Upheaval, Elemental Force, Disaster Area


You were in the Dungeon.
You worshipped Qazlal.
Qazlal was extremely pleased with you.
You visited 1 branch

Inventory:

Hand Weapons
 B - a +0 giant spiked club
Armour
 b - a +0 kite shield (worn)
 w - +5 gold dragon scales (worn)
Jewellery
 m - a ring of protection from fire
 u - a ring of flight
 v - a +6 ring of dexterity (left claw)
 y - an amulet of guardian spirit (around neck)
 z - a +6 ring of strength (right claw)
Wands
 r - a wand of mindburst (7)
 s - a wand of iceblast (11)
 t - a wand of light (12)
 x - a wand of digging (1)
 A - a wand of flame (7)
Scrolls
 i - 4 scrolls of blinking
 n - 4 scrolls of amnesia
 o - 7 scrolls of fog
 p - 5 scrolls of identify
 q - 2 scrolls of fear
Potions
 c - 6 potions of might
 d - 10 potions of curing
 e - 13 potions of heal wounds
 f - 6 potions of haste
 g - 7 potions of magic
 h - 3 potions of berserk rage
 j - 2 potions of brilliance
 k - 2 potions of invisibility
 l - 4 potions of resistance
Miscellaneous
 a - a box of beasts


   Skills:
 + Level 6.6 Fighting
 + Level 5.4 Armour
 + Level 6.9 Dodging
 + Level 0.3 Stealth
 - Level 10.0 Shields
 + Level 10.7 Unarmed Combat
 * Level 7.8 Invocations
 + Level 1.6 Evocations


You had 8 spell levels left.
You didn't know any spells.
Your spell library contained the following spells:

 Spells                   Type           Power      Damage    Failure   Level
 Sting                    Tmut/Pois      0%         1d3       100%        1
 Ensorcelled Hibernation  Hex/Ice        0%         N/A       100%        2
 Passwall                 Tmut/Erth      0%         N/A       100%        2
 Swiftness                Air            0%         N/A       100%        3
 Petrify                  Tmut/Erth      0%         N/A       100%        4
 Eringya's Noxious Bog    Tmut/Pois      0%         N/A       100%        6
 Iron Shot                Conj/Erth      0%         9d1       100%        6


Dungeon Overview and Level Annotations

Branches:
Dungeon (1/1)

Altars:
Ashenzari
Cheibriados
Dithmenos
Elyvilon
Fedhas
Gozag
Hepliaklqana
Kikubaaqudgha
Makhleb
Nemelex Xobeh
Okawaru
Qazlal
Ru
Sif Muna
Trog
Uskayaw
Vehumet
Wu Jian
Xom
Yredelemnul
Zin
The Shining One
Jiyva
Lugonu

Annotations:
D 1 transporter


Innate Abilities, Weirdness & Mutations

You are too large for most types of armour.
You have claws for hands.
Your natural rate of healing is unusually fast.
You are covered in fur. (AC +1)
You have tough skin. (AC +1)
You sometimes lose your temper in combat.
You are vulnerable to heat. (rF-)


Message History

Increase (S)trength, (I)ntelligence, or (D)exterity?
You feel stronger. x3
Unknown command.
Aiming: Iceblast
Press: ? - help, Shift-Dir - straight line, f - shining eye
Aim: a shining eye (severely wounded)
The mass of ice explodes!
The iceblast engulfs the shining eye.
The shining eye is almost dead.
The iceblast engulfs the eye of devastation!
The eye of devastation is moderately wounded.
The shining eye gazes at you.
Strange energies course through your body.
You feel vulnerable to heat.
Aiming: Iceblast
Press: ? - help, Shift-Dir - straight line, f/p - shining eye
Aim: a shining eye (almost dead)
The mass of ice explodes!
The iceblast engulfs the shining eye!
The shining eye is almost dead.
The iceblast engulfs the eye of devastation!!
The eye of devastation is heavily wounded.
The eye of devastation gazes at you. The bolt of energy misses you.
Found a transporter.
The eye of devastation gazes at you. The bolt of energy hits you!!
Aiming: Upheaval
Press: ? - help, Dir - move target, f/p - shining eye
Aim: a shining eye (almost dead)
The ground shakes violently, spewing rubble!
The blast of rubble hits the shining eye!!
You kill the shining eye!
Qazlal accepts your kill. The eye of devastation gazes at you.
The bolt of energy hits you!! The eye of devastation gazes at you.
The bolt of energy hits you!!!
The eye of devastation is engulfed in blazing flames.
The eye of devastation gazes at you. The bolt of energy hits you!!
You die...

▓........▓........▓
▓.▓....▓.▓..[)†...▓
▓...©....▓..)©)...▓
▓▓▓▓▓▓▓▓▓▓▓▓▓▓▓▓▓▓▓
▓..8©8..▓ ▓..|/)..▓
▓..[G[..▓ ▓......○▓
▓..○@...▓ ▓....§○.▓
▓.○..§..▓ ▓.▓○..▓.▓
▓...○...▓ ▓▓▓▓▓▓▓▓▓


You could see an eye of devastation.

Vanquished Creatures
  2 two-headed ogres (D)
  A shining eye (D)
  A troll (D)
  A yak (D)
  A golden eye (D)
  2 ogres (D)
  A crimson imp (D)
  A quasit (D)
  2 jellies (D)
  2 shadow imps (D)
  A white imp (D)
  An ufetubus (D)
  An adder zombie (D)
  2 bat skeletons (D)
  An endoplasm (D)
  A jackal (D)
  A ball python skeleton (D)
  A giant cockroach zombie (D)
23 creatures vanquished.

Notes
Turn   | Place    | Note
-------+----------+-------------------------------------------
     0 | D        | fozzywoppz the Troll Fighter began the quest for the Orb.
     0 | D        | Reached XP level 1. HP: 22/22 MP: 0/0
     0 | D        | Found a shimmering blue altar of Sif Muna.
     0 | D        | Found a sacrificial altar of Ru.
     0 | D        | Found a bloodstained altar of Trog.
     0 | D        | Found a stormy altar of Qazlal.
     0 | D        | Found an iron altar of Okawaru.
     0 | D        | Found a sparkling altar of Nemelex Xobeh.
     0 | D        | Found a blossoming altar of Fedhas.
     0 | D        | Found the +6 Majin-Bo {spellvamp, MP+6 Int+6}
     0 | D        | Found the +27 heavy crossbow "Sniper" {heavy, Acc+∞ SInv}
     0 | D        | Found the +10 dark maul {heavy}
     0 | D        | Found the +15 Maxwell's patent armour {-Cast -Tele rElec
                  | Will+ rCorr}
     0 | D        | Found the +18 shield of the Gong {Loud rN+ Will+ rCorr
                  | EV-5}
     0 | D        | Found the +16 obsidian axe {drain, demonic, Mesm Drain Fly
                  | SInv}
     0 | D        | Found the +7 great mace "Firestarter" {flame, immolate,
                  | rFlCloud rF++}
     0 | D        | Found the +6 shillelagh "Devastator" {shatter}
     0 | D        | Found the +11 plutonium sword {Contam Stlth-}
     0 | D        | Found the +8 lance "Wyrmbane" {slay drac, rPois rF+ rC+
                  | AC+3}
     0 | D        | Found the +9 sword of Zonguldrok {reap}
     0 | D        | Found the +13 scythe of Curses {drain, curses, Drain}
     0 | D        | Found the +9 sword of Power {lifebolt}
     0 | D        | Found the +7 mace of Variability {chaos, chaos arc}
     0 | D        | Found the +11 Singing Sword {sonic wave}
     0 | D        | Found the +8 storm bow {elec, penet}
     2 | D        | Found a transporter.
     2 | D        | Found an ancient bone altar of Kikubaaqudgha.
     2 | D        | Found a viscous altar of Jiyva.
     2 | D        | Found a corrupted altar of Lugonu.
     2 | D        | Found a hazy altar of Hepliaklqana.
     2 | D        | Found a burning altar of Makhleb.
     2 | D        | Found an opulent altar of Gozag.
    56 | D        | Became a worshipper of Qazlal Stormbringer
    58 | D        | Reached XP level 2. HP: 32/32 MP: 1/1
    72 | D        | Entered arena 2.
    72 | D        | Noticed a yak
    72 | D        | Found a transporter.
    81 | D        | Killed a yak
    82 | D        | Reached skill level 5 in Fighting
    82 | D        | Reached skill level 5 in Dodging
    82 | D        | Reached XP level 3. HP: 30/42 MP: 2/2
    82 | D        | Reached XP level 4. HP: 36/50 MP: 3/3
    82 | D        | Reached XP level 5. HP: 41/57 MP: 4/4
    92 | D        | Got the Handbook of Toxicity and the Mesa
    95 | D        | Entered arena 3.
    95 | D        | Found a transporter.
   100 | D        | Reached * piety under Qazlal
   111 | D        | Entered arena 4.
   111 | D        | Found a transporter.
   116 | D        | Reached ** piety under Qazlal
   130 | D        | Reached *** piety under Qazlal
   131 | D        | Reached skill level 5 in Unarmed Combat
   131 | D        | Reached skill level 1 in Invocations
   140 | D        | Entered arena 5.
   140 | D        | Found a transporter.
   154 | D        | Reached **** piety under Qazlal
   164 | D        | Entered arena 6.
   164 | D        | Noticed an ogre
   164 | D        | Noticed a two-headed ogre
   164 | D        | Noticed a troll
   164 | D        | Noticed a two-headed ogre
   164 | D        | Noticed an ogre
   164 | D        | Found a transporter.
   169 | D        | Killed an ogre
   170 | D        | Reached XP level 6. HP: 60/66 MP: 5/7
   171 | D        | Killed a two-headed ogre
   172 | D        | Reached skill level 5 in Invocations
   172 | D        | Reached XP level 7. HP: 51/75 MP: 5/9
   173 | D        | Killed a two-headed ogre
   174 | D        | Reached skill level 10 in Shields
   174 | D        | Reached skill level 1 in Evocations
   174 | D        | Reached XP level 8. HP: 60/84 MP: 5/11
   176 | D        | Killed a troll
   176 | D        | Reached ***** piety under Qazlal
   226 | D        | Entered arena 7.
   226 | D        | Noticed an eye of devastation
   226 | D        | Noticed a shining eye
   226 | D        | Gained mutation: You sometimes lose your temper in combat.
                  | [a shining eye]
   228 | D        | Reached skill level 5 in Armour
   229 | D        | Reached skill level 10 in Unarmed Combat
   229 | D        | Reached XP level 9. HP: 92/92 MP: 13/13
   229 | D        | Gained mutation: You are vulnerable to heat. (rF-) [a
                  | shining eye]
   231 | D        | Found a transporter.
   232 | D        | Killed a shining eye
   235 | D        | Blown up by an eye of devastation

Illustrated notes

Levels and vault maps discovered:
D:        sprint_v [room_start, room_1, room_2, room_3, room_4, room_5, room_6,
          room_7, room_8, room_9, room_10, room_11, room_12, room_13, room_14,
          room_15, room_16, room_17, room_18, room_19, room_20, room_21,
          room_22, room_23, room_24, room_25, room_26, room_27]

Skill      XL: |  1  2  3  4  5  6  7  8 |
---------------+-------------------------+-----
Fighting       | 3 5 6 |  6.6
Armour         | 2 3 4 5 |  5.4
Dodging        | 3 5 6 |  6.9
Shields        | 4 6 7 9 10 | 10.0
Unarmed Combat | 3 4 6 7 9 10 | 10.7
Invocations    | 2 5 6 7 |  7.8
Evocations     | 1 |  1.6
Stealth        | |  0.3

Action                     |  1- 3 |  4- 6 |  7- 9 || total
---------------------------+-------+-------+-------++-------
  Melee: Unarmed           |     7 |    45 |     9 ||    61
 Invoke: Upheaval          |       |       |     1 ||     1
  Evoke: Wand              |       |     2 |     4 ||     6
    Use: Potion            |     2 |       |       ||     2
 Armour: Gold dragon scale |     9 |    54 |     5 ||    68
  Dodge: Dodged            |     1 |    14 |     2 ||    17
  Block: Kite shield       |     6 |    62 |    11 ||    79

Table legend: (Time is in decaauts)
 A = Elapsed time spent in this place.
 B = Non-inter-level travel time spent in this place.
 C = Inter-level travel time spent in this place.
 D = Time resting spent in this place.
 E = Time spent auto-exploring this place.
 F = Levels seen in this place.
 G = Mean time per level.
                   A        B        C        D        E       F      G
               +--------+--------+--------+--------+--------+-----+--------+
         Total |    232 |    232 |      0 |     19 |      0 |   1 |  232.0 |
       Dungeon |    232 |    232 |      0 |     19 |      0 |   1 |  232.0 |
               +--------+--------+--------+--------+--------+-----+--------+

Top non-repeatable levels by time:
       D: 232 daAuts
